 Dungeon Crawl Stone Soup version 0.28-a0-247-gb8bfbab023 (webtiles) character file.

Game seed: 3125267619735470322

737 bande the Shield-Bearer (level 7, 44/44 HPs)
             Began as a Gargoyle Fighter on Aug 26, 2021.
             Quit the game on level 6 of the Dungeon.
             The game lasted 00:08:09 (5703 turns).

bande the Shield-Bearer (Gargoyle Fighter)          Turns: 5703, Time: 00:08:10

Health: 44/44      AC: 15    Str: 21    XL:     7   Next: 75%
Magic:  7/7        EV:  6    Int: 10    God:
Gold:   173        SH:  9    Dex: 10    Spells: 6/6 levels left

rFire   . . .      SeeInvis .   a - +1 war axe
rCold   . . .      Faith    .   c - +1 kite shield
rNeg    + . .      Spirit   .   l - +0 chain mail
rPois   ∞          Reflect  .   (no helmet)
rElec   +          Harm     .   s - +0 cloak
rCorr   .          Rampage  .   (no gloves)
Will    .....                   (no boots)
Stlth   ..........              (no amulet)
HPRegen 0.14/turn               (no ring)
MPRegen 0.10/turn               (no ring)

@: no status effects
A: sickness immunity, AC +4, negative energy resistance 1, electricity
resistance, torment resistance 1, petrification resistance, clever 1, inhibited
regeneration
a: no special abilities


You were on level 6 of the Dungeon.
You visited 1 branch of the dungeon, and saw 6 of its levels.

You collected 173 gold pieces.

Inventory:

Hand Weapons
 a - a +1 war axe (weapon)
 h - a +1 hand axe of freezing
 i - a +0 war axe
 p - a +1 flail of protection
Armour
 c - a +1 kite shield (worn)
 l - a +0 chain mail (worn)
 s - a +0 cloak (worn)
Jewellery
 j - a ring of magical power
 k - an amulet of magic regeneration
Wands
 b - a wand of iceblast (11)
 g - a wand of paralysis (10)
Scrolls
 f - a scroll of enchant armour
 n - 4 scrolls of teleportation
 q - 2 scrolls of fog {unknown}
Potions
 d - a potion of might
 o - a potion of brilliance


   Skills:
 + Level 4.4 Fighting
 + Level 4.9 Axes
 + Level 5.0 Armour
 - Level 0.5 Dodging
 + Level 5.1 Shields
 * Level 2.2 Evocations


You had 6 spell levels left.
You didn't know any spells.
Your spell library contained the following spells:

 Spells                   Type           Power      Damage    Failure   Level
 Ensorcelled Hibernation  Hex/Ice        0%         N/A       100%        2
 Spider Form              Tmut/Pois      0%         N/A       100%        3
 Shadow Creatures         Summ           N/A        N/A       100%        6


Dungeon Overview and Level Annotations

Branches:
Dungeon (6/15)
 Temple: D:4-7

Altars:
Dithmenos
Hepliaklqana
Ru


Innate Abilities, Weirdness & Mutations

You are immune to sickness and miasma.
Your stone body is resilient. (AC +4)
You are immune to poison.
You resist negative energy. (rN+)
You are resistant to electric shocks. (rElec)
You are resistant to unholy torment.
You are immune to petrification.
Your mind is acute. (Int +2)
You do not regenerate when monsters are visible.


Message History

Crazy Yiuf hits you with a +2 quarterstaff of chaos!
Crazy Yiuf burns you.
You barely miss Crazy Yiuf.
Crazy Yiuf is almost dead.
Crazy Yiuf barely misses you. x2
You hit Crazy Yiuf.
Crazy Yiuf is almost dead.
You block Crazy Yiuf's attack.
You slash Crazy Yiuf!
You kill Crazy Yiuf!
r - a black potion
There is an open translucent door, spattered with blood here.
Things that are here:
a +2 quarterstaff of chaos; a +0 cloak; the gnoll corpse of Crazy Yiuf You start resting.
HP restored.
There is an open translucent door, spattered with blood here.
Things that are here:
a +2 quarterstaff of chaos; a +0 cloak; the gnoll corpse of Crazy Yiuf
s - a +0 cloak You start putting on your armour.
You continue putting on your +0 cloak. x4
You finish putting on your +0 cloak.
Done exploring.
There is a stone staircase leading down here.
You climb downwards.
Found a bubbling red potion.
There is a stone staircase leading up here.
t - a bubbling red potion
As you read the scroll of identify, it crumbles to dust.
r - a potion of attraction
As you read the scroll of identify, it crumbles to dust.
t - a potion of mutation Drop what? 19/52 slots (_ for help) (? for menu, Esc to quit)
You drop a potion of lignification.
Drop what? 18/52 slots (_ for help) (? for menu, Esc to quit)
You drop a potion of attraction.
Really quaff the potion of mutation?
You feel extremely strange.
Your regeneration stops near monsters.
You feel clever.
Are you sure you want to abandon this character and quit the game? (Confirm with "yes".)

#..........
#..........
#..........
#..........
###........
#.......#
#.......#
...#.......#
.......@...######
.........<.......
###..............
#..............
#.#####........
... #........ #.#
#.####### .. #.#
#.#


There were no monsters in sight!

Vanquished Creatures
  Edmund (D:5)
  A black bear (D:5)
  A centaur (D:5)
  A phantom (D:4)
  2 scorpions (D:4)
  A water moccasin skeleton (D:5)
  Crazy Yiuf (D:5)
  A hound (D:5)
  An iguana (D:5)
  A howler monkey skeleton (D:5)
  4 adders
  An adder skeleton (D:3)
  2 worms
  2 dart slugs
  9 orcs
  4 ball pythons
  3 endoplasms
  2 giant cockroaches (D:1)
  3 goblins
  12 hobgoblins
  2 kobolds
  3 quokkas
  6 bats
  5 frilled lizards
  5 rats
74 creatures vanquished.

Notes
Turn   | Place    | Note
-------+----------+-------------------------------------------
     0 | D:1      | bande the Gargoyle Fighter began the quest for the Orb.
     0 | D:1      | Reached XP level 1. HP: 14/14 MP: 1/1
   175 | D:1      | Reached XP level 2. HP: 19/19 MP: 2/2
   761 | D:1      | Reached XP level 3. HP: 23/23 MP: 3/3
  1828 | D:3      | Reached XP level 4. HP: 24/28 MP: 4/4
  2665 | D:4      | Noticed a scorpion
  2673 | D:4      | Killed a scorpion
  2674 | D:4      | Reached XP level 5. HP: 22/33 MP: 5/5
  2788 | D:4      | Found a sacrificial altar of Ru.
  3139 | D:4      | Noticed a phantom
  3150 | D:4      | Killed a phantom
  3151 | D:4      | Reached XP level 6. HP: 38/38 MP: 6/6
  3447 | D:5      | Entered Level 5 of the Dungeon
  3783 | D:5      | Noticed a black bear
  3793 | D:5      | Killed a black bear
  3794 | D:5      | Reached skill level 1 in Evocations
  3853 | D:5      | Found a shadowy altar of Dithmenos.
  3871 | D:5      | Reached XP level 7. HP: 33/43 MP: 7/7
  4159 | D:5      | Noticed Edmund
  4189 | D:5      | HP: 2/43 [Edmund (4)]
  4190 | D:5      | Killed Edmund
  4191 | D:5      | Reached skill level 5 in Shields
  4630 | D:5      | Reached skill level 5 in Armour
  4742 | D:5      | Found a hazy altar of Hepliaklqana.
  4977 | D:5      | Found a runed translucent door.
  4978 | D:5      | Noticed Crazy Yiuf
  5443 | D:5      | Killed Crazy Yiuf
  5702 | D:6      | Gained mutation: You do not regenerate when monsters are
                  | visible. [potion of mutation]
  5702 | D:6      | Gained mutation: Your mind is acute. (Int +2) [potion of
                  | mutation]
  5703 | D:6      | Quit the game

Illustrated notes

Levels and vault maps discovered:
D:1:      dpeg_arrival_ternary, layout_basic
D:2:      layout_rooms
D:3:      layout_basic, kennysheep_generic_room_5
D:4:      layout_loops_ring, lemuel_round_altar, chequers_jeans,
          kennysheep_pointless_box, grunt_decor_resistance
D:5:      layout_layer_cave, nicolae_dithmenos_shadow_blocks,
          lemuel_coloured_pillars_altar, minmay_misc_feat_roman, uniq_edmund,
          uniq_crazy_yiuf_cottage
D:6:      layout_basic, kiku_gazebo_garden_becter, grunt_gozag_breadcrumbs,
          hangedman_abyss_or_decor_stagger

Skill      XL: |  1  2  3  4  5  6  7 |
---------------+----------------------+-----
Axes           | 2 3 4 |  4.9
Armour         | 4 5 |  5.0
Shields        | 4 5 |  5.1
Fighting       | 4 |  4.4
Evocations     | 1 2 |  2.2
Dodging        | |  0.5

Action                   |  1- 3 |  4- 6 |  7- 9 || total
-------------------------+-------+-------+-------++-------
Melee: War axe           |   103 |    98 |    65 ||   266
  Use: Scroll            |     5 |     3 |     3 ||    11
       Potion            |       |     4 |     1 ||     5
Armor: Scale mail        |    55 |    41 |       ||    96
       Chain mail        |       |    31 |    33 ||    64
Dodge: Dodged            |    35 |    32 |    13 ||    80
Block: Kite shield       |    61 |    66 |    34 ||   161

Table legend: (Time is in decaauts)
 A = Elapsed time spent in this place.
 B = Non-inter-level travel time spent in this place.
 C = Inter-level travel time spent in this place.
 D = Time resting spent in this place.
 E = Time spent auto-exploring this place.
 F = Levels seen in this place.
 G = Mean time per level.
                   A        B        C        D        E       F      G
               +--------+--------+--------+--------+--------+-----+--------+
         Total |   5860 |   5808 |     52 |    872 |   4064 |   6 |  976.7 |
       Dungeon |   5860 |   5808 |     52 |    872 |   4064 |   6 |  976.7 |
               +--------+--------+--------+--------+--------+-----+--------+

Top non-repeatable levels by time:
     D:5: 2283 daAuts
     D:1: 1074 daAuts
     D:4: 956 daAuts
     D:3: 877 daAuts
     D:2: 655 daAuts
     D:6: 12 daAuts
